 Dungeon Crawl Stone Soup version 0.30-a0-622-gddc90eaa04 (webtiles) character file.

Game seed: 10596300743574854036

3718 bmack86 the Fighter (level 9, -8/85 HPs)
             Began as a Minotaur Fighter on Jan 10, 2023.
             Was an Elder of Okawaru.
             Killed from afar by a steam dragon (12 damage)
             ... with a ball of steam
             ... in a bailey.
             The game lasted 00:17:46 (7336 turns).

bmack86 the Fighter (Minotaur Fighter)              Turns: 7336, Time: 00:17:46

Health: -8/85      AC: 14    Str: 26    XL:     9   Next: 92%
Magic:  3/11       EV: 11    Int:  5    God:    Okawaru [****..]
Gold:   199        SH:  7    Dex:  9    Spells: 8/8 levels left

rFire   . . .      SeeInvis .    a - +1 war axe (vamp)
rCold   + . .      Faith    .    c - +0 buckler
rNeg    . . .      Spirit   .    b - +0 scale mail
rPois   .          Reflect  .    s - +0 hat
rElec   .          Harm     .    (no cloak)
rCorr   .          Rampage  .    v - +0 pair of gloves
Will    .....                    (no boots)
Stlth   +                        G - amulet of regeneration
HPRegen 1.14/turn                h - ring of protection from cold
MPRegen 0.12/turn                m - +4 ring of protection

@: heroic, finesse-ful
A: horns 2, retaliatory headbutt
a: Renounce Religion, Heroism, Finesse


You were in a bailey.
You worshipped Okawaru.
Okawaru was greatly pleased with you.
You visited 2 branches of the dungeon, and saw 8 of its levels.
You also visited: Bailey.

You collected 348 gold pieces.
You spent 149 gold pieces at shops.

Inventory:

Hand Weapons
 a - a +1 vampiric war axe (weapon)
Armour
 b - a +0 scale mail (worn)
 c - a +0 buckler (worn)
 s - a +0 hat (worn)
 v - a +0 pair of gloves (worn)
 x - a +0 tower shield
Jewellery
 h - a ring of protection from cold (left hand)
 m - a +4 ring of protection (right hand)
 G - an amulet of regeneration (around neck)
Wands
 d - a wand of digging (1)
 u - a wand of polymorph (5)
 A - a wand of flame (20)
 H - a wand of roots (14)
Scrolls
 f - 4 scrolls of teleportation
 j - a scroll of poison
 k - a scroll of butterflies
 l - a scroll of magic mapping
 o - a scroll of amnesia
 p - 2 scrolls of identify
 q - a scroll of blinking
 t - 2 scrolls of enchant weapon
 w - a scroll of immolation
 y - 2 scrolls of noise
Potions
 e - 2 potions of mutation
 g - a potion of attraction
 i - 2 potions of ambrosia
 n - 3 potions of curing
 r - 3 potions of resistance
 C - 2 potions of might
 D - a potion of brilliance
 F - a potion of cancellation


   Skills:
 * Level 9.7(14.7) Fighting
 * Level 9.2(14.2) Axes
 + Level 7.1(12.1) Armour
 * Level 9.1(14.1) Shields
 + Level 4.0 Invocations


You had 8 spell levels left.
You didn't know any spells.
Your spell library contained the following spells:

 Spells                   Type           Power      Damage    Failure   Level
 Shock                    Conj/Air       0%         1d3       75%         1
 Sting                    Tmut/Pois      0%         1d3       75%         1
 Poisonous Vapours        Pois/Air       0%         N/A       87%         2
 Gell's Gravitas          Tloc           0%         N/A       98%         3
 Lesser Beckoning         Tloc           0%         N/A       98%         3
 Portal Projectile        Hex/Tloc       0%         N/A       98%         3
 Swiftness                Air            0%         N/A       98%         3
 Teleport Other           Tloc           0%         N/A       98%         3
 Airstrike                Air            0%         2d(0-16)  100%        4
 Leda's Liquefaction      Hex/Erth       0%         N/A       100%        4
 Olgreb's Toxic Radiance  Pois           0%         N/A       100%        4
 Call Canine Familiar     Summ           Unusable   N/A       N/A         3

Dungeon Overview and Level Annotations

Branches:
Dungeon (7/15)             Temple (1/1) D:4          Bailey (1/1)

Altars:
Ashenzari
Dithmenos
Elyvilon
Fedhas
Gozag
Hepliaklqana
Kikubaaqudgha
Makhleb
Nemelex Xobeh
Okawaru
Qazlal
Ru
Sif Muna
Trog
Uskayaw
Vehumet
Wu Jian
Xom
Yredelemnul
The Shining One

Shops:
D:1 ?   D:7 *


Innate Abilities, Weirdness & Mutations

You have a pair of horns on your head.
You reflexively headbutt those who attack you in melee.


Message History

The steam dragon is severely wounded.
You are engulfed in a cloud of scalding steam.
* * * LOW HITPOINT WARNING * * *
You hit the steam dragon.
The steam dragon is severely wounded.
You are engulfed in a cloud of scalding steam.
* * * LOW HITPOINT WARNING * * *
The steam dragon bites you.
* * * LOW HITPOINT WARNING * * *
The steam dragon claws you but does no damage.
You hit the steam dragon.
The steam dragon is severely wounded.
You are engulfed in a cloud of scalding steam.
* * * LOW HITPOINT WARNING * * *
The two-headed ogre hits you from afar with a +0 glaive!
* * * LOW HITPOINT WARNING * * *
The two-headed ogre closely misses you. You block the ogre's attack.
You hit the steam dragon but do no damage.
The steam dragon is severely wounded.
You are engulfed in a cloud of scalding steam.
* * * LOW HITPOINT WARNING * * *
The steam dragon bites you.
* * * LOW HITPOINT WARNING * * *
The steam dragon closely misses you.
You hit the ogre.
You feel better.
You headbutt the ogre!
The ogre is severely wounded.
You barely miss the steam dragon. The two-headed ogre closely misses you.
The two-headed ogre hits you from afar with a +0 halberd.
* * * LOW HITPOINT WARNING * * *
You block the steam dragon's attack. The steam dragon closely misses you.
The ogre hits you with a +0 halberd.
* * * LOW HITPOINT WARNING * * *
You slice the ogre!!
You kill the ogre!
Okawaru accepts your kill.
You hit the steam dragon but do no damage.
Your Invocations skill increases to level 4!
The steam dragon breathes steam at you. The ball of steam hits you!
You die...

##..#♣
..##..##
##.)##
..##..##
#.)♣#
..#...#
~..#
♣.♣)..#
~..#
♣.♣)).#
~..#
♣.O)..#
~..#
♣)♣D..#
~..♣
♣.#.§.#
#..#
..#.@.#
##..#
..##..##
##..#
..##..##
#..
####..##
...#
...#
####


You could see a two-headed ogre and a steam dragon (catching breath).

Vanquished Creatures
  Grinder (D:4)
  Sigmund (D:3)
  6 spriggans (Bailey)
  2 steam dragons
  Menkaure (D:4)
  An ice beast (D:6)
  A black bear (D:6)
  5 ogres
  2 bullfrogs (D:7)
  3 necrophages
  5 scorpions
  A water moccasin zombie (D:5)
  2 wights (D:5)
  2 howler monkeys (D:7)
  2 bullfrog zombies (D:5)
  3 hounds
  2 jellies
  A human zombie (D:5)
  An orc priest (D:6)
  A gnoll bouda (D:5)
  A hound zombie (D:5)
  3 mummies (D:5)
  5 gnolls
  11 adders
  A shadow imp (D:6)
  A worm (D:2)
  10 orcs
  8 endoplasms
  4 giant cockroaches
  15 goblins
  12 hobgoblins
  10 jackals
  5 quokkas
  6 ball pythons
  6 bats
  A frilled lizard (D:1)
  7 kobolds
  8 rats
  5 bushes (D:2)
162 creatures vanquished.

Vanquished Creatures (others)
  6 plants (D:2)
6 creatures vanquished.

Grand Total: 168 creatures vanquished

Notes
Turn   | Place    | Note
-------+----------+-------------------------------------------
     0 | D:1      | bmack86 the Minotaur Fighter began the quest for the Orb.
     0 | D:1      | Reached XP level 1. HP: 19/19 MP: 0/0
   215 | D:1      | Found Kyifank's Magic Scroll Boutique.
   221 | D:1      | Reached XP level 2. HP: 23/27 MP: 1/1
   527 | D:1      | Reached XP level 3. HP: 31/33 MP: 2/2
   799 | D:1      | Bought a scroll of identify for 26 gold pieces
  1469 | D:2      | Reached XP level 4. HP: 37/41 MP: 3/3
  2281 | D:3      | Found a sparkling altar of Nemelex Xobeh.
  2407 | D:3      | Reached skill level 5 in Fighting
  2719 | D:3      | Noticed Sigmund
  2725 | D:3      | Reached XP level 5. HP: 32/48 MP: 4/4
  2746 | D:3      | Killed Sigmund
  2747 | D:3      | Reached XP level 6. HP: 18/57 MP: 5/5
  3150 | D:1      | Bought 2 scrolls of noise for 26 gold pieces
  3150 | D:1      | Bought a scroll of magic mapping for 97 gold pieces
  3211 | D:4      | Noticed Grinder
  3229 | D:4      | Found a staircase to the Ecumenical Temple.
  3241 | Temple   | Entered the Ecumenical Temple
  3647 | Temple   | Became a worshipper of Warmaster Okawaru
  3725 | D:4      | Killed Grinder
  3726 | D:4      | Reached skill level 5 in Axes
  3726 | D:4      | Reached skill level 5 in Armour
  3726 | D:4      | Reached skill level 5 in Shields
  3726 | D:4      | Reached XP level 7. HP: 30/63 MP: 6/6
  4001 | D:4      | Noticed Menkaure
  4009 | D:4      | Killed Menkaure
  4187 | D:4      | Reached * piety under Okawaru
  4188 | D:4      | Reached skill level 1 in Invocations
  4540 | D:4      | Noticed a steam dragon
  4546 | D:4      | Killed a steam dragon
  4547 | D:4      | Reached XP level 8. HP: 54/73 MP: 4/8
  4645 | D:5      | Entered Level 5 of the Dungeon
  5289 | D:5      | Found a basalt altar of Yredelemnul.
  5480 | D:5      | Reached ** piety under Okawaru
  6401 | D:6      | Found a blossoming altar of Fedhas.
  6525 | D:6      | Reached XP level 9. HP: 15/82 MP: 10/10
  6948 | D:7      | Found Apussar's Overcharged Wands.
  6953 | D:7      | Reached *** piety under Okawaru
  7142 | D:7      | Found a flagged portal.
  7171 | Bailey   | Entered a bailey
  7275 | Bailey   | Reached **** piety under Okawaru
  7321 | Bailey   | Noticed a two-headed ogre
  7325 | Bailey   | HP: 4/85 [steam dragon/ball of steam (5)]
  7332 | Bailey   | HP: 2/85 [steam dragon] (3)]
  7336 | Bailey   | Killed from afar by a steam dragon

Illustrated notes

Levels and vault maps discovered:
D:1:      tarquinn_simple_flora_water_c, layout_basic, serial_shops, shop
D:2:      layout_loops_ring, serial_forest, infiniplex_forest_straight_3,
          infiniplex_forest_diagonal, infiniplex_forest_straight_4,
          infiniplex_forest_zigzag_1, infiniplex_forest_straight_1,
          infiniplex_forest_3_way, infiniplex_forest_straight_3,
          infiniplex_forest_pool
D:3:      layout_basic, nemelex_diamond_rough_becter, minmay_crystal_room,
          grunt_ministairs_9, minmay_puff, uniq_sigmund
D:4:      layout_cave_pools, temple_statues, minmay_small_thing, uniq_grinder,
          uniq_menkaure
D:5:      layout_layer_cave, lemuel_mausoleum_altar_yredelemnul
D:6:      layout_loops_ring, fedhas_altar_fruit_tree
D:7:      layout_basic, lightli_bailey_entry_fortress,
          gammafunk_ghost_nasty_kobolds, grunt_decor_cap,
          kennysheep_pointless_box, dreamdust_princess_bridge,
          nicolae_shop_overcharged_wands
Temple:   minmay_temple_bridge_d
Bailey:   bailey_polearm_enchanted_keep_hellmonk, bailey

Skill      XL: |  1  2  3  4  5  6  7  8  9 |
---------------+----------------------------+-----
Fighting       | 4 5 6 7 8 9 |  9.7
Axes           | 3 4 5 6 7 9 |  9.2
Shields        | 4 5 6 7 9 |  9.1
Armour         | 4 5 6 7 |  7.1
Invocations    | 1 2 4 |  4.0

Action                   |  1- 3 |  4- 6 |  7- 9 || total
-------------------------+-------+-------+-------++-------
Melee: War axe           |   257 |   113 |   268 ||   638
       Headbutt          |    62 |    19 |    39 ||   120
Invok: Heroism           |       |       |     3 ||     3
       Finesse           |       |       |     1 ||     1
  Use: Scroll            |     1 |     3 |    16 ||    20
       Potion            |       |     1 |     2 ||     3
Armor: Scale mail        |    62 |    58 |   172 ||   292
Dodge: Dodged            |    62 |    36 |   177 ||   275
Block: Buckler           |    31 |    19 |    81 ||   131

Table legend: (Time is in decaauts)
 A = Elapsed time spent in this place.
 B = Non-inter-level travel time spent in this place.
 C = Inter-level travel time spent in this place.
 D = Time resting spent in this place.
 E = Time spent auto-exploring this place.
 F = Levels seen in this place.
 G = Mean time per level.
                   A        B        C        D        E       F      G
               +--------+--------+--------+--------+--------+-----+--------+
         Total |   7529 |   7095 |    434 |    294 |   4287 |   9 |  836.6 |
       Dungeon |   6888 |   6591 |    297 |    243 |   3964 |   7 |  984.0 |
        Temple |    474 |    337 |    137 |      0 |    323 |   1 |  474.0 |
        Bailey |    165 |    165 |      0 |     51 |      0 |   1 |  165.0 |
               +--------+--------+--------+--------+--------+-----+--------+

Top non-repeatable levels by time:
     D:5: 1538 daAuts
     D:3: 1228 daAuts
     D:2: 1202 daAuts
     D:4: 1058 daAuts
     D:1: 884 daAuts
     D:6: 775 daAuts
  Temple: 474 daAuts
     D:7: 202 daAuts
  Bailey: 165 daAuts
